[Event "Titled Tuesday Blitz July 4 Late 2023"]
[White "Janaszak, Dawid"]
[Black "Barski, Radoslaw"]
[WhiteFideId "1119206"]
[BlackFideId "1131710"]
[WhiteElo "2606"]
[BlackElo "2483"]
[Result "0-1"]
[Round "4"]
[TimeControl "180+2"]
[Date "2023.07.04"]
[WhiteClock "0:00:18"]
[BlackClock "0:00:47"]
[Board "69"]

1. e4 e5 2. Nf3 Nc6 3. d4 exd4 4. Nxd4 Bc5 5. Nb3 Bb6 6. Nc3 d6 7. Qe2 Nge7 8. Be3 O-O 9. O-O-O f5 10. f4 fxe4 11. Nxe4 Nf5 12. Bxb6 axb6 13. Kb1 Kh8 14. g4 Nfe7 15. f5 Ng8 16. h4 Ne5 17. Bh3 Qe8 18. Nc3 Bd7 19. Rhf1 b5 20. g5 b4 21. Nd5 Bb5 22. Qh2 Bxf1 23. Nxc7 Qa4 24. Nxa8 Bxh3 25. Nb6 Qc6 26. Qxh3 Qxb6 27. f6 gxf6 28. Qe6 Qc6 29. gxf6 Rxf6 30. Qh3 Qf3 0-1


[Site "https://www.chess.com"]

[Event "Titled Tuesday Blitz July 4 Late 2023"]
[White "Horcajuelo Rocamora, Martin"]
[Black "Domingo Nunez, Alejandro"]
[WhiteFideId "24573027"]
[BlackFideId "22245561"]
[WhiteElo "2475"]
[BlackElo "2604"]
[Result "1-0"]
[Round "4"]
[TimeControl "180+2"]
[Date "2023.07.04"]
[WhiteClock "0:01:29"]
[BlackClock "0:01:20"]
[Board "70"]

1. e4 g6 2. d4 Bg7 3. c4 c6 4. Nc3 d6 5. Be2 Nd7 6. Be3 a6 7. Nf3 b5 8. a3 Ngf6 9. O-O O-O 10. Rc1 Rb8 11. h3 Re8 12. e5 dxe5 13. dxe5 Nh5 14. g4 bxc4 15. gxh5 Rxb2 16. e6 fxe6 17. Bxc4 Qa5 18. Bxe6+ Kh8 19. Bd4 Nf6 20. Bxc8 Rxc8 21. hxg6 hxg6 22. Qd3 Qh5 23. Ne2 Rb5 24. Nf4 Qf5 25. Qxf5 Rxf5 26. Nh4 Rg5+ 27. Kh1 Rd8 28. Ne6 Rxd4 29. Nxd4 c5 30. Ndf3 Rh5 31. Nxg6+ Kh7 32. Nxe7 Ne4 33. Kg2 Bf6 34. Nc6 Kg6 35. Rc4 Nd6 36. Rg4+ Kf7 37. Rd1 Ke6 38. Re1+ Kd7 39. Nce5+ Kc7 40. Nc4 Nf5 41. Re6 Bc3 42. Rxa6 1-0


[Site "https://www.chess.com"]

[Event "Titled Tuesday Blitz July 4 Late 2023"]
[White "Grinev, Valeriy"]
[Black "Taboas Rodriguez, Daniel"]
[WhiteFideId "14117517"]
[BlackFideId "2208466"]
[WhiteElo "2602"]
[BlackElo "2457"]
[Result "0-1"]
[Round "4"]
[TimeControl "180+2"]
[Date "2023.07.04"]
[WhiteClock "0:00:40"]
[BlackClock "0:01:29"]
[Board "71"]

1. e4 e5 2. Nc3 Nf6 3. Nf3 Nc6 4. Bc4 Nxe4 5. Nxe4 d5 6. Bd3 dxe4 7. Bxe4 Bd6 8. O-O O-O 9. d3 Bg4 10. h3 Bh5 11. Qe1 Qe7 12. Bg5 f6 13. Be3 f5 14. Bxc6 bxc6 15. Nh2 f4 16. Bd2 f3 17. g4 Qh4 18. Kh1 Qxh3 19. Rg1 e4 20. Rg3 Bxg3 21. Qg1 Bxh2 22. Qxh2 Bxg4 23. Rg1 exd3 24. cxd3 Rae8 25. Bc3 Qxh2+ 26. Kxh2 h5 27. Kg3 Re2 28. a4 Rd8 29. d4 Kf7 30. a5 g5 31. Ra1 Kg6 32. a6 Rc8 33. Ra5 Rce8 34. d5 cxd5 35. Rxd5 R2e4 36. Rc5 h4+ 37. Kh2 R8e7 38. Bd2 R4e5 39. Rc6+ R5e6 40. Rc5 Bf5 41. Be3 Rxa6 42. b4 g4 43. b5 Ra2 44. Rc6+ Re6 45. Rc3 g3+ 46. Kg1 Ra1+ 47. Rc1 Rxc1+ 48. Bxc1 Re1# 0-1


[Site "https://www.chess.com"]

[Event "Titled Tuesday Blitz July 4 Late 2023"]
[White "Sargsyan, Anna M."]
[Black "Bueno, Alfeu Junior Varela"]
[WhiteFideId "13308130"]
[BlackFideId "2108879"]
[WhiteElo "2602"]
[BlackElo "2434"]
[Result "0-1"]
[Round "4"]
[TimeControl "180+2"]
[Date "2023.07.04"]
[WhiteClock "0:00:06"]
[BlackClock "0:00:32"]
[Board "72"]

1. d4 e6 2. c4 f5 3. g3 Nf6 4. Bg2 Be7 5. d5 e5 6. Nc3 Bb4 7. Qb3 Bxc3+ 8. Qxc3 d6 9. Nf3 O-O 10. Qc2 b6 11. b3 Qe8 12. Bb2 Qh5 13. O-O-O Nbd7 14. h3 Nc5 15. b4 Nce4 16. e3 a5 17. b5 a4 18. a3 Nc5 19. Kb1 Qh6 20. Ka2 Bd7 21. Nh4 Nfe4 22. Nf3 Rf7 23. Rhf1 Raf8 24. Nd2 Nxd2 25. Rxd2 f4 26. gxf4 exf4 27. exf4 Rxf4 28. Rg1 R8f7 29. Re2 Qh4 30. Bf1 g6 31. Qb1 Rxf2 32. Qe1 Qxc4+ 33. Kb1 Bf5+ 34. Ka1 Nb3+ 35. Ka2 Nc1+ 36. Ka1 Qa2# 0-1


[Site "https://www.chess.com"]

[Event "Titled Tuesday Blitz July 4 Late 2023"]
[White "Vdovin, Vadim"]
[Black "Philippe, Guillaume"]
[WhiteFideId "24107158"]
[BlackFideId "36048763"]
[WhiteElo "2600"]
[BlackElo "2431"]
[Result "0-1"]
[Round "4"]
[TimeControl "180+2"]
[Date "2023.07.04"]
[WhiteClock "0:00:04"]
[BlackClock "0:00:17"]
[Board "73"]

1. e4 e5 2. Nf3 Nc6 3. Bb5 a6 4. Ba4 f5 5. d4 exd4 6. e5 b5 7. Bb3 Bb7 8. a4 Bc5 9. c3 Na5 10. Bxg8 Rxg8 11. b4 dxc3 12. bxc5 b4 13. Bg5 Bxf3 14. Qxf3 Qxg5 15. Qxa8+ Ke7 16. Qd5 Qc1+ 17. Qd1 Qb2 18. O-O Qxa1 19. Qd4 Nc6 20. Qh4+ Kf8 21. e6 dxe6 22. Nd2 Qxa4 23. Nf3 h6 24. Qc4 Kf7 25. Re1 Re8 26. g4 Qb5 27. Qf4 g5 28. Qxc7+ Re7 29. Qxc6 Qxc6 30. Ne5+ Kf6 31. Nxc6 b3 32. Nd4 b2 33. c6 e5 34. Nc2 Rc7 35. Kf1 Rxc6 36. Ke2 Rd6 37. Ke3 Rd2 38. Na3 f4+ 39. Ke4 c2 40. Nxc2 Rxc2 41. Rb1 Rc4+ 42. Kd3 Rb4 43. Kc3 a5 44. f3 Ke6 45. Kc2 Kd5 46. Kc3 Kc5 47. Kc2 a4 48. h3 a3 49. Re1 a2 50. Rxe5+ Kd6 0-1


[Site "https://www.chess.com"]

[Event "Titled Tuesday Blitz July 4 Late 2023"]
[White "Ezat, Mohamed"]
[Black "Federzoni, Enzo"]
[WhiteFideId "10600906"]
[BlackFideId "2173301"]
[WhiteElo "2595"]
[BlackElo "2429"]
[Result "1-0"]
[Round "4"]
[TimeControl "180+2"]
[Date "2023.07.04"]
[WhiteClock "0:00:43"]
[BlackClock "0:00:35"]
[Board "74"]

1. d4 Nf6 2. c4 g6 3. Nc3 Bg7 4. e4 d6 5. Be2 O-O 6. Bg5 c5 7. d5 h6 8. Bf4 e6 9. Qd2 exd5 10. exd5 g5 11. Be3 Re8 12. h4 Bf5 13. hxg5 hxg5 14. Bxg5 Qe7 15. Nf3 Nbd7 16. Bh6 Qf8 17. Bxg7 Qxg7 18. O-O-O a6 19. Bd3 Bg6 20. Bxg6 fxg6 21. Ng5 Nf8 22. Qf4 Re5 23. Nce4 Nxe4 24. Nxe4 Rf5 25. Qxd6 Re8 26. f3 b5 27. Rh3 bxc4 28. Rdh1 Rxe4 29. Rh8+ Kf7 30. fxe4 Rf2 31. Rxf8+ Qxf8 32. Rh7+ Ke8 33. Qd7# 1-0


[Site "https://www.chess.com"]

[Event "Titled Tuesday Blitz July 4 Late 2023"]
[White "Pein, Jonathan"]
[Black "Ballester Llagaria, Luis Eduardo"]
[WhiteFideId "417092"]
[BlackFideId "2297620"]
[WhiteElo "2426"]
[BlackElo "2593"]
[Result "0-1"]
[Round "4"]
[TimeControl "180+2"]
[Date "2023.07.04"]
[WhiteClock "0:00:06"]
[BlackClock "0:00:12"]
[Board "75"]

1. e4 c5 2. Nf3 e6 3. d4 cxd4 4. Nxd4 Nc6 5. Nc3 Qc7 6. Be3 a6 7. Nxc6 bxc6 8. Qf3 d5 9. Qg3 Qxg3 10. hxg3 Nf6 11. e5 Ng4 12. Bf4 Bc5 13. Nd1 f6 14. exf6 gxf6 15. Be2 e5 16. Bd2 Be6 17. f3 f5 18. fxg4 fxg4 19. Bg5 O-O 20. c3 Rf5 21. Be3 d4 22. Bd2 h5 23. Bd3 e4 24. cxd4 Bxd4 25. Be2 Rd8 26. Bc3 c5 27. Rf1 Rxf1+ 28. Bxf1 Rd6 29. Be2 Kh7 30. Nf2 Bf5 31. Bc4 e3 32. Nd1 Be4 33. Bxd4 cxd4 34. Rc1 d3 35. Bxd3 Rxd3 36. Rc3 Rd6 37. Nxe3 Kg6 38. Ke2 Re6 39. Kd2 Rf6 40. Ke2 Re6 41. Kf2 Rf6+ 42. Ke1 Re6 43. Ke2 Bxg2 44. b4 Bf3+ 45. Kd2 Rd6+ 46. Kc2 Kg5 47. a4 Rd4 48. Kb3 h4 49. gxh4+ Kf4 50. h5 g3 51. h6 Rd7 52. b5 axb5 53. axb5 Rh7 54. b6 Rxh6 55. Kb4 Rxb6+ 56. Kc5 Re6 57. Kd4 Re4+ 58. Kd3 Rxe3+ 59. Kd2 Rxc3 60. Kxc3 g2 61. Kd2 g1=Q 62. Kc3 Qe3+ 63. Kb2 Qd3 64. Ka1 Qd2 65. Kb1 Bd5 66. Ka1 Qa2# 0-1


[Site "https://www.chess.com"]

[Event "Titled Tuesday Blitz July 4 Late 2023"]
[White "Zavgorodniy, Sergiy"]
[Black "Mikhalsky, Vladimir"]
[WhiteFideId "14110148"]
[BlackFideId "14144352"]
[WhiteElo "2592"]
[BlackElo "2424"]
[Result "1-0"]
[Round "4"]
[TimeControl "180+2"]
[Date "2023.07.04"]
[WhiteClock "0:00:15"]
[BlackClock "0:00:00"]
[Board "76"]

1. d4 Nf6 2. c4 g6 3. Nc3 Bg7 4. e4 O-O 5. Be2 d6 6. Nf3 e5 7. O-O Nbd7 8. Qc2 c6 9. Rd1 Qe7 10. d5 c5 11. Bg5 h6 12. Bd2 Nh5 13. g3 a6 14. a3 Qe8 15. Nh4 Nhf6 16. b4 Qe7 17. Rab1 Ne8 18. Kg2 h5 19. Bd3 Bf6 20. Nf3 h4 21. h3 hxg3 22. fxg3 Ng7 23. g4 Bh4 24. g5 Nh5 25. Nxh4 Nf4+ 26. Bxf4 exf4 27. Nf3 Ne5 28. h4 Qd7 29. Nxe5 Qh3+ 30. Kg1 dxe5 31. Qh2 Qg4+ 32. Kf2 cxb4 33. axb4 a5 34. b5 a4 35. Be2 Qd7 36. c5 Qc7 37. c6 Qb6+ 38. Kf1 Qc5 39. Rdc1 a3 40. Qf2 Qd6 41. Ra1 Bh3+ 42. Kg1 bxc6 43. dxc6 Qb4 44. Kh2 Be6 45. Bf3 Rfd8 46. Nd5 Bxd5 47. exd5 e4 48. c7 Rdc8 49. Bg4 e3 50. Qe2 Qb2 51. Rcb1 Qxe2+ 52. Bxe2 Rxc7 53. Ra2 Rd7 54. Bf3 1-0


[Site "https://www.chess.com"]

[Event "Titled Tuesday Blitz July 4 Late 2023"]
[White "Jaskolka, Tomasz"]
[Black "Toolin, Christopher"]
[WhiteFideId "1170791"]
[BlackFideId "2024543"]
[WhiteElo "2590"]
[BlackElo "2399"]
[Result "0-1"]
[Round "4"]
[TimeControl "180+2"]
[Date "2023.07.04"]
[WhiteClock "0:00:06"]
[BlackClock "0:00:09"]
[Board "77"]

1. d4 Nf6 2. Nc3 e6 3. e4 d5 4. e5 Nfd7 5. f4 c5 6. Nce2 Nc6 7. c3 Qb6 8. Nf3 Be7 9. g3 O-O 10. Bh3 Kh8 11. O-O f6 12. Kh1 cxd4 13. cxd4 f5 14. Rb1 a5 15. Be3 Ndb8 16. Rg1 Bd7 17. g4 fxg4 18. Bxg4 Na6 19. a3 Nc7 20. Qf1 Qb3 21. Bf2 Be8 22. Nc1 Qc2 23. Ne2 Bg6 24. Rc1 Qb3 25. Bh4 Rae8 26. Bxe7 Rxe7 27. Rg3 Be4 28. Qh3 Qxb2 29. Re1 Nxd4 30. Nxd4 Qxd4 31. Reg1 Rxf4 32. Qh4 Qc5 33. Qg5 Ref7 34. Rf1 h6 35. Qd8+ Qf8 36. Qxf8+ Rxf8 37. Kg2 Nb5 38. Kh3 Bf5 39. Bxf5 R8xf5 40. Kg2 d4 41. Rf2 d3 42. Rd2 Nc3 43. Rxd3 Nd5 44. Kf2 g5 45. Rb3 b6 46. Rb5 Nc3 47. Rb3 Ne4+ 48. Ke3 Nxg3 49. hxg3 Rxf3+ 50. Ke4 Rxb3 51. g4 Rxa3 52. gxf5 exf5+ 53. Kxf5 Re3 54. Ke6 a4 55. Kd6 a3 56. e6 a2 57. Kd7 a1=Q 58. Ke7 Qe5 59. Kf8 Rf3+ 60. Ke7 Qf6+ 61. Kd7 Rd3+ 62. Kc6 Qxe6+ 63. Kb7 b5 64. Kc7 Rd7+ 65. Kc8 Qe8# 0-1


[Site "https://www.chess.com"]

[Event "Titled Tuesday Blitz July 4 Late 2023"]
[White "Silva, Pedro Gil Ferreira Da"]
[Black "Subelj, Jan"]
[WhiteFideId "1946102"]
[BlackFideId "14618583"]
[WhiteElo "2381"]
[BlackElo "2590"]
[Result "0-1"]
[Round "4"]
[TimeControl "180+2"]
[Date "2023.07.04"]
[WhiteClock "0:00:18"]
[BlackClock "0:00:19"]
[Board "78"]

1. e4 d6 2. d4 Nf6 3. Nc3 e5 4. Nf3 Nbd7 5. g3 Be7 6. Bg2 O-O 7. O-O c6 8. Re1 Qc7 9. a4 Rd8 10. h3 b6 11. d5 cxd5 12. exd5 Bf8 13. Ng5 a6 14. Be3 Bb7 15. Nge4 Rac8 16. Nxf6+ Nxf6 17. Qe2 Rb8 18. g4 Nd7 19. g5 Nc5 20. h4 Bc8 21. h5 Bf5 22. h6 Qd7 23. b4 Nb7 24. Ne4 b5 25. axb5 axb5 26. Ra7 Rdc8 27. c3 Rc4 28. hxg7 Bxe4 29. gxf8=Q+ Rxf8 30. Bxe4 Rxe4 31. Qf3 Rc4 32. Bd2 Rfc8 33. Re4 Rxe4 34. Qxe4 Rc4 35. Qf3 Qc8 36. Kf1 Rg4 37. Rxb7 Qc4+ 38. Qe2 Rg1+ 39. Kxg1 Qxe2 40. Be3 Qd1+ 41. Kg2 Qxd5+ 0-1


[Site "https://www.chess.com"]

[Event "Titled Tuesday Blitz July 4 Late 2023"]
[White "Taranenko, Evgueniy"]
[Black "Petesch, Gabriel"]
[WhiteFideId "14122138"]
[BlackFideId "2032465"]
[WhiteElo "2372"]
[BlackElo "2580"]
[Result "1-0"]
[Round "4"]
[TimeControl "180+2"]
[Date "2023.07.04"]
[WhiteClock "0:00:20"]
[BlackClock "0:00:03"]
[Board "79"]

1. e4 d5 2. exd5 Qxd5 3. Nc3 Qd6 4. d4 Nf6 5. Nf3 c6 6. g3 Bg4 7. Bg2 e6 8. O-O Be7 9. h3 Bxf3 10. Bxf3 O-O 11. Bf4 Qd7 12. Ne4 Nxe4 13. Bxe4 Na6 14. c3 Nc7 15. Qh5 g6 16. Qh6 f5 17. Bg2 Rf7 18. Be5 Nd5 19. Rfe1 Re8 20. Rad1 Qd8 21. Qc1 Ref8 22. f4 Qd7 23. c4 Nb6 24. b3 Re8 25. Re2 Bf8 26. Rde1 Rfe7 27. Qc3 Qc8 28. a4 Nd7 29. Bd6 Rf7 30. Qb4 a5 31. Qa3 Bxd6 32. Qxd6 Nf8 33. Qc5 Rd8 34. d5 cxd5 35. Qxc8 Rxc8 36. cxd5 Kg7 37. dxe6 Re7 38. Bd5 Kf6 39. Bc4 Rd8 40. Re5 b6 41. Kf2 Rd6 42. g4 h6 43. gxf5 gxf5 44. Rb5 Ng6 45. Kg3 Rd4 46. Rf1 h5 47. Rxb6 h4+ 48. Kh2 Nxf4 49. Rb5 Rg7 50. Rf2 Rg3 51. Bf1 Kxe6 52. Rb6+ Ke5 53. Rb5+ Kd6 54. Rxa5 Ke6 55. Ra6+ Ke5 56. Ra5+ Ke4 57. Rb5 Ke3 58. Rc2 Nd5 59. Bg2 Nf4 60. Rxf5 Nxg2 61. Rxg2 Rxg2+ 62. Kxg2 Rd2+ 63. Kf1 Rb2 64. Rb5 Kf3 65. Ke1 Kg3 66. a5 Kxh3 67. Rb4 Ra2 68. Ra4 Rxa4 69. bxa4 Kg3 70. a6 h3 71. a7 h2 72. a8=Q Kh3 73. Qh1 Kh4 74. a5 1-0


[Site "https://www.chess.com"]

[Event "Titled Tuesday Blitz July 4 Late 2023"]
[White "Shapiro, Daniel"]
[Black "Yurovskykh, Oleksandr"]
[WhiteFideId "2001780"]
[BlackFideId "14134020"]
[WhiteElo "2347"]
[BlackElo "2577"]
[Result "0-1"]
[Round "4"]
[TimeControl "180+2"]
[Date "2023.07.04"]
[WhiteClock "0:00:00"]
[BlackClock "0:00:04"]
[Board "80"]

1. d4 d5 2. c4 e6 3. Nf3 Nf6 4. g3 Bb4+ 5. Bd2 Be7 6. Qc2 O-O 7. Bg2 c6 8. O-O Nbd7 9. Rd1 b6 10. Bf4 Bb7 11. b3 Rc8 12. Nc3 c5 13. Ne5 cxd4 14. Rxd4 Bc5 15. Rdd1 Nxe5 16. Bxe5 Bxf2+ 17. Kxf2 Ng4+ 18. Kg1 Nxe5 19. Qb2 Qf6 20. cxd5 exd5 21. Rf1 Qg5 22. Nxd5 Ng4 23. Nf4 Bxg2 24. Nxg2 Rfe8 25. Rf4 Qc5+ 26. e3 Nxe3 27. Qf2 Nxg2 28. Kxg2 Qxf2+ 29. Rxf2 Re7 30. Rd1 f6 31. Rfd2 Kf7 32. Kf2 Rce8 33. Rc1 f5 34. Rcc2 g6 35. Rd3 Re6 36. Rdc3 R8e7 37. Rc7 h5 38. Rxe7+ Rxe7 39. h4 Ke6 40. Kf3 Kf7 41. Kf4 Re4+ 42. Kf3 Re7 43. Kf4 Kf6 44. Rc6+ Re6 45. Rc2 Re4+ 46. Kf3 a5 47. Rc6+ Re6 48. Rc2 Rd6 49. Re2 Rd3+ 50. Kf4 Rd4+ 51. Kf3 a4 52. Rc2 axb3 53. axb3 Rb4 54. Rc6+ Ke5 55. Rc3 Kd4 56. Re3 Rb5 57. Kf4 Rc5 0-1


[Site "https://www.chess.com"]

[Event "Titled Tuesday Blitz July 4 Late 2023"]
[White "el_sporco"]
[Black "Sebag, Marie"]
[BlackFideId "617822"]
[WhiteElo "2344"]
[BlackElo "2573"]
[Result "0-1"]
[Round "4"]
[TimeControl "180+2"]
[Date "2023.07.04"]
[WhiteClock "0:00:16"]
[BlackClock "0:01:33"]
[Board "81"]

1. e4 c6 2. d4 d5 3. Nd2 dxe4 4. Nxe4 Nf6 5. Nxf6+ exf6 6. c3 Bd6 7. Bd3 O-O 8. Qc2 h5 9. Ne2 Qc7 10. h3 Nd7 11. O-O Re8 12. Qd2 Nf8 13. Nf4 h4 14. Nh5 Ng6 15. Bxg6 fxg6 16. Nf4 g5 17. Nd3 Bf5 18. Qd1 Qd7 19. Be3 Bxh3 20. gxh3 Qxh3 21. Re1 Re4 22. f3 Bh2+ 23. Kh1 Rxe3 24. Rxe3 Bf4+ 25. Kg1 Bxe3+ 0-1


[Site "https://www.chess.com"]

[Event "Titled Tuesday Blitz July 4 Late 2023"]
[White "Dylag, Emilia"]
[Black "Vovk, Orest"]
[WhiteFideId "21805172"]
[BlackFideId "14113490"]
[WhiteElo "2321"]
[BlackElo "2568"]
[Result "0-1"]
[Round "4"]
[TimeControl "180+2"]
[Date "2023.07.04"]
[WhiteClock "0:01:10"]
[BlackClock "0:02:11"]
[Board "82"]

1. d4 h6 2. c4 g5 3. Nc3 Bg7 4. h4 c5 5. d5 Bxc3+ 6. bxc3 Qa5 7. Qd3 g4 8. h5 d6 9. e4 Nf6 10. Bd2 Nbd7 11. f4 gxf3 12. Nxf3 Ng4 13. Be2 Nde5 14. Nxe5 Nxe5 15. Qg3 Bd7 16. O-O O-O-O 17. Bf4 Rdg8 18. Qe3 f6 19. a4 Bg4 20. Bxe5 Bxe2 21. Qxe2 fxe5 22. Rf7 Qxc3 23. Rxe7 Qxa1+ 0-1


[Site "https://www.chess.com"]

[Event "Titled Tuesday Blitz July 4 Late 2023"]
[White "Bruedigam, Martin"]
[Black "Cluke86"]
[WhiteFideId "24608033"]
[WhiteElo "2565"]
[BlackElo "2316"]
[Result "0-1"]
[Round "4"]
[TimeControl "180+2"]
[Date "2023.07.04"]
[WhiteClock "0:00:11"]
[BlackClock "0:00:15"]
[Board "83"]

1. c4 e5 2. e3 d6 3. Nf3 f5 4. d4 e4 5. Nfd2 Nf6 6. Nc3 c6 7. f3 d5 8. cxd5 cxd5 9. fxe4 fxe4 10. Bb5+ Bd7 11. O-O Bxb5 12. Nxb5 a6 13. Nc3 Bd6 14. Rxf6 Qxf6 15. Nxd5 Qh4 16. g3 Bxg3 17. Qe2 Bd6 18. Qg2 O-O 19. Nf1 Nc6 20. Bd2 Rf5 21. Be1 Qh6 22. Nc3 Rg5 23. Bg3 Bxg3 24. Nxg3 Rg4 25. Re1 Re8 26. Ncxe4 Rexe4 27. h3 Rg6 28. Qxe4 Rxg3+ 29. Kf2 Qg6 30. Qd5+ Kh8 31. Rf1 h6 32. Ke1 Rxe3+ 33. Kf2 Rxh3 34. Ke2 Qd3+ 35. Kf2 Qe3+ 36. Kg2 Qg3# 0-1


[Site "https://www.chess.com"]

[Event "Titled Tuesday Blitz July 4 Late 2023"]
[White "Silva, Caio Henrique Angelico"]
[Black "Bullen, Alex"]
[WhiteFideId "22777210"]
[BlackFideId "1801627"]
[WhiteElo "2490"]
[BlackElo "2293"]
[Result "1-0"]
[Round "4"]
[TimeControl "180+2"]
[Date "2023.07.04"]
[WhiteClock "0:01:48"]
[BlackClock "0:00:49"]
[Board "84"]

1. Nf3 d5 2. c4 e6 3. g3 Nf6 4. Bg2 d4 5. O-O c5 6. d3 Nc6 7. e3 e5 8. exd4 cxd4 9. b4 Bxb4 10. Nxe5 Nxe5 11. Qa4+ Nc6 12. Bxc6+ bxc6 13. Qxb4 Qe7 14. Qa5 Bh3 15. Re1 Be6 16. Ba3 Qb7 17. Nd2 h5 18. Qg5 O-O-O 19. Qa5 h4 20. Rab1 Qc7 21. Qa6+ Kd7 22. Rb7 hxg3 23. Rxc7+ Kxc7 24. Qxa7+ Kc8 25. fxg3 Ng4 26. Rb1 1-0


[Site "https://www.chess.com"]

[Event "Titled Tuesday Blitz July 4 Late 2023"]
[White "Weetik, Vjacheslav"]
[Black "marik_spb"]
[WhiteFideId "4153472"]
[WhiteElo "2728"]
[BlackElo "2504"]
[Result "1-0"]
[Round "4"]
[TimeControl "180+2"]
[Date "2023.07.04"]
[WhiteClock "0:00:05"]
[BlackClock "0:00:00"]
[Board "85"]

1. e4 c6 2. d4 d5 3. e5 Bf5 4. h4 h5 5. Bd3 Bxd3 6. Qxd3 Qa5+ 7. Nd2 e6 8. Ne2 c5 9. O-O c4 10. Qh3 Nc6 11. c3 Nh6 12. Nf4 Nf5 13. b3 cxb3 14. Nxb3 Qd8 15. g3 Rc8 16. Bd2 Be7 17. Qh1 Na5 18. Nxa5 Qxa5 19. Qf3 Nxd4 20. cxd4 Qxd2 21. Nxh5 O-O 22. Qg4 Qh6 23. Rab1 b6 24. Rb3 Rc4 25. Rf3 g6 26. Nf6+ Bxf6 27. Rxf6 Rfc8 28. Kg2 Kg7 29. Rd1 R8c7 30. Rd3 Rc2 31. a3 Qh5 32. Qf4 Qh6 33. Qg4 b5 34. Rdf3 a5 35. Qh3 b4 36. axb4 axb4 37. g4 Qd2 38. h5 Qg5 39. h6+ Kg8 40. h7+ Kh8 41. Rxf7 Rxf7 42. Rxf7 Rc8 43. Qf3 b3 44. Qxb3 Qxg4+ 45. Qg3 Qxg3+ 46. Kxg3 Rc4 47. Kg4 Rxd4+ 48. Kg5 1-0


[Site "https://www.chess.com"]

[Event "Titled Tuesday Blitz July 4 Late 2023"]
[White "Goryachkina, Aleksandra"]
[Black "Han, Yichen"]
[WhiteFideId "4147103"]
[BlackFideId "1054430"]
[WhiteElo "2716"]
[BlackElo "2474"]
[Result "1-0"]
[Round "4"]
[TimeControl "180+2"]
[Date "2023.07.04"]
[WhiteClock "0:00:48"]
[BlackClock "0:00:26"]
[Board "86"]

1. e4 c5 2. Nf3 e6 3. d4 cxd4 4. Nxd4 a6 5. Bd3 Nf6 6. O-O d6 7. c4 Nbd7 8. Nc3 Qc7 9. Qe2 b6 10. Be3 Bb7 11. f3 Be7 12. Rfd1 O-O 13. Rac1 Rfe8 14. Kh1 Rac8 15. Qf2 Qb8 16. Bf1 Bd8 17. b3 Bc7 18. Qh4 d5 19. exd5 exd5 20. Bg5 dxc4 21. Nf5 Re6 22. Bxc4 h6 23. Bxe6 fxe6 24. Nxh6+ gxh6 25. Bxf6 Nxf6 26. Qxf6 Be5 27. Qxe6+ Kh7 28. Rd7+ Bg7 29. Qf7 Qe5 30. Rxb7 Rxc3 31. Qxg7+ 1-0


[Site "https://www.chess.com"]

[Event "Titled Tuesday Blitz July 4 Late 2023"]
[White "Fiedorek, Michal"]
[Black "Karttunen, Mika"]
[WhiteFideId "1199528"]
[BlackFideId "502081"]
[WhiteElo "2474"]
[BlackElo "2613"]
[Result "0-1"]
[Round "4"]
[TimeControl "180+2"]
[Date "2023.07.04"]
[WhiteClock "0:01:07"]
[BlackClock "0:01:28"]
[Board "87"]

1. e4 c5 2. Nf3 d6 3. d4 cxd4 4. Nxd4 Nf6 5. Nc3 a6 6. Be3 e5 7. Nf3 Qc7 8. a4 Be6 9. a5 Nbd7 10. Ng5 Bc4 11. Be2 Be7 12. O-O O-O 13. Nf3 Rac8 14. Nd2 Be6 15. Nf3 h6 16. Qd2 Rfd8 17. Rfc1 Nc5 18. Bd3 d5 19. exd5 Nxd5 20. Nxd5 Bxd5 21. Bxc5 Bxc5 22. Qe1 e4 23. Bxe4 Re8 24. Bxd5 Rxe1+ 25. Rxe1 Bxf2+ 26. Kxf2 Qc5+ 27. Kf1 Qxd5 28. Rad1 Qxa5 29. Re2 Qb5 30. Rd3 Qxb2 31. Ne5 0-1


[Site "https://www.chess.com"]

[Event "Titled Tuesday Blitz July 4 Late 2023"]
[White "Sun, Rick"]
[Black "Baches Garcia, Guillermo"]
[WhiteFideId "30909481"]
[BlackFideId "2209764"]
[WhiteElo "2605"]
[BlackElo "2469"]
[Result "1-0"]
[Round "4"]
[TimeControl "180+2"]
[Date "2023.07.04"]
[WhiteClock "0:00:09"]
[BlackClock "0:00:00"]
[Board "88"]

1. d4 d5 2. Nc3 Nf6 3. Bf4 c5 4. e3 cxd4 5. exd4 a6 6. Nf3 Nc6 7. h3 e6 8. Bd3 Bd6 9. Bg5 h6 10. Bh4 Qb6 11. O-O Qxb2 12. Na4 Qb4 13. c3 Qa5 14. Qb3 b5 15. Nc5 Bxc5 16. dxc5 Nd7 17. Rfe1 O-O 18. Bb1 Nxc5 19. Qc2 Ne4 20. Rxe4 dxe4 21. Qxe4 g6 22. Bf6 Qa4 23. Qxc6 Ra7 24. Qc5 Rd7 25. Qe3 Kh7 26. Be4 Rd1+ 27. Rxd1 Qxd1+ 28. Kh2 Qd6+ 29. g3 Qd7 30. Ne5 Qc7 31. Qf4 Bb7 32. Bb1 Qxc3 33. Ng4 1-0


[Site "https://www.chess.com"]

[Event "Titled Tuesday Blitz July 4 Late 2023"]
[White "Atanasov, Anthony"]
[Black "Luong Phuong Hanh"]
[WhiteFideId "2623897"]
[BlackFideId "12401013"]
[WhiteElo "2590"]
[BlackElo "2460"]
[Result "0-1"]
[Round "4"]
[TimeControl "180+2"]
[Date "2023.07.04"]
[WhiteClock "0:00:45"]
[BlackClock "0:00:34"]
[Board "89"]

1. d4 Nf6 2. Nc3 d5 3. Bf4 c6 4. e3 g6 5. Bd3 Bg7 6. h4 h5 7. Nf3 Bg4 8. Qd2 Nbd7 9. Ne5 Nxe5 10. Bxe5 O-O 11. f3 Bd7 12. Ne2 Rc8 13. c3 c5 14. Nf4 cxd4 15. exd4 b5 16. a3 a5 17. O-O Qb6 18. Kh2 Qb7 19. Rae1 Rfe8 20. Re2 b4 21. axb4 axb4 22. Rfe1 bxc3 23. bxc3 Qb3 24. Bxf6 Bxf6 25. Nxh5 gxh5 26. Qh6 Bg7 27. Qh7+ Kf8 28. Re5 Qxc3 29. Rg5 Qxd4 30. g3 Qf2+ 31. Kh1 Qxe1+ 32. Kg2 Qd2+ 33. Kg1 Rc1+ 34. Bf1 Bd4+ 0-1


[Site "https://www.chess.com"]

[Event "Titled Tuesday Blitz July 4 Late 2023"]
[White "Ovchinnikov, Vsevolod"]
[Black "Koc, Przemyslaw"]
[WhiteFideId "24176842"]
[BlackFideId "1109081"]
[WhiteElo "2578"]
[BlackElo "2454"]
[Result "1/2-1/2"]
[Round "4"]
[TimeControl "180+2"]
[Date "2023.07.04"]
[WhiteClock "0:00:06"]
[BlackClock "0:00:55"]
[Board "90"]

1. d4 d6 2. c4 e5 3. dxe5 dxe5 4. Qxd8+ Kxd8 5. Nf3 f6 6. Nc3 Be6 7. b3 Nd7 8. Bb2 c6 9. O-O-O Kc7 10. e3 Nh6 11. Rd2 a5 12. Bd3 Be7 13. Rhd1 Nf7 14. Nh4 g6 15. g3 f5 16. Ng2 Nc5 17. Bc2 a4 18. Ne1 axb3 19. axb3 Na6 20. Nd3 Rhd8 21. e4 Bg5 22. f4 fxe4 23. Nxe4 exf4 24. Nxg5 Nxg5 25. Nxf4 Rxd2 26. Rxd2 Nb4 27. h4 Nxc2 28. hxg5 Bf5 29. Rxc2 Bxc2 30. Kxc2 Re8 31. Kd3 Re1 32. Bc3 Rg1 33. Ne2 Rb1 34. Kc2 Rh1 35. Be5+ Kd7 36. b4 Ke6 37. Bf4 Kf5 38. c5 Ke4 39. Kc3 Rf1 40. Nd4 Kd5 41. Nc2 Rf3+ 42. Ne3+ Ke4 43. Kd2 Rf2+ 44. Kc3 Rf3 45. Kd2 Rf2+ 46. Kc3 Rf3 1/2-1/2


[Site "https://www.chess.com"]

[Event "Titled Tuesday Blitz July 4 Late 2023"]
[White "Czerw, Dawid"]
[Black "Buchenau, Frank"]
[WhiteFideId "1145746"]
[BlackFideId "4604350"]
[WhiteElo "2575"]
[BlackElo "2440"]
[Result "1-0"]
[Round "4"]
[TimeControl "180+2"]
[Date "2023.07.04"]
[WhiteClock "0:02:00"]
[BlackClock "0:00:40"]
[Board "91"]

1. e4 e6 2. d4 d5 3. Nc3 Nf6 4. Bg5 dxe4 5. Nxe4 Be7 6. Bxf6 gxf6 7. Nf3 f5 8. Nc3 a6 9. g3 b5 10. Bg2 Bb7 11. O-O O-O 12. Ne2 c5 13. Nf4 cxd4 14. Nxd4 Bxg2 15. Kxg2 Bf6 16. Qf3 Nd7 17. Ndxe6 fxe6 18. Nxe6 Qe7 19. Nxf8 Rxf8 20. Rfe1 Ne5 21. Qd5+ Qf7 22. Rxe5 Rd8 23. Qxf7+ 1-0


[Site "https://www.chess.com"]